 Dungeon Sprint DCSS version 0.30.1-9-gdf580d7c3d (webtiles) character file.

Game seed: 2892610234022327660

681 Heoruswealwe the Spear-Bearer (level 7, 0/73 HPs)
             Began as a Minotaur Fighter on Sept 29, 2023.
             Was an Initiate of Gozag.
             Slain by a gnoll sergeant
             ... wielding a +2 antimagic trident
              (10 damage)
             ... in the Dungeon (Sprint IX: "|||||||||||||||||||||||||||||").
             The game lasted 00:03:04 (175 turns).

Heoruswealwe the Spear-Bearer (Minotaur Fighter)     Turns: 175, Time: 00:03:06

Health: 0/73       AC: 17    Str: 23    XL:     7   Next: 34%
Magic:  6/6        EV: 14    Int:  5    God:    Gozag
Gold:   0          SH:  0    Dex:  9    Spells: 6/6 levels left

rFire   . . .        b - +2 halberd (protect)
rCold   . . .        (shield currently unavailable)
rNeg    . . .        c - +2 ring mail
rPois   .            (helmet restricted)
rElec   .            h - +0 cloak
rCorr   .            (no gloves)
SInv    .            (no boots)
Will    .....        (no amulet) Stlth
                     k - +2 ring of evasion
HPRegen 0.32/turn    j - +2 ring of evasion
MPRegen 0.10/turn

%: no teleportation
@: gold aura, under a protective aura, slowed, very slow
A: horns 2, retaliatory headbutt
a: Renounce Religion, Potion Petition, Call Merchant, Bribe Branch


You were in the Dungeon.
You worshipped Gozag.
Gozag was noncommittal.
You visited 1 branch

Inventory:

Hand Weapons
 a - a +0 trident
 b - a +2 halberd of protection (weapon)
Armour
 c - a +2 ring mail (worn)
 d - a +0 buckler
 h - a +0 cloak (worn)
Jewellery
 j - a +2 ring of evasion (right hand)
 k - a +2 ring of evasion (left hand)
Wands
 l - a wand of light (10)
Scrolls
 n - 2 scrolls of blinking
Potions
 g - a potion of haste
 i - a potion of berserk rage
 m - a potion of might


   Skills:
 + Level 10.3 Fighting
 * Level 13.6 Polearms
 + Level 10.3 Armour
 - Level 3.6 Shields


You had 6 spell levels left.
You didn't know any spells.
Your spell library was empty.

Dungeon Overview and Level Annotations

Branches:
Dungeon (1/1)

Altars:
Cheibriados
Dithmenos
Elyvilon
Fedhas
Gozag
Hepliaklqana
Kikubaaqudgha
Makhleb
Nemelex Xobeh
Okawaru
Qazlal
Ru
Sif Muna
Trog
Uskayaw
Vehumet
Wu Jian
Xom
Yredelemnul
Zin
The Shining One
Jiyva
Lugonu


Innate Abilities, Weirdness & Mutations

You have a pair of horns on your head.
You reflexively headbutt those who attack you in melee.


Message History

The troll is moderately wounded.
The troll closely misses you. The troll claws you but does no damage.
The troll closely misses you. The troll bites you.
The troll claws you but does no damage. The troll closely misses you.
You slash the troll!
Your weapon exudes an aura of protection.
The troll is severely wounded.
The killer bee is distracted by your dazzling golden aura.
The troll misses you. You furiously retaliate!
You headbutt the troll. The troll closely misses you. The troll claws you.
The killer bee buzzes angrily.
You hit the troll. Your headbutt misses the troll.
The troll is severely wounded.
The killer bee is no longer distracted by gold.
The troll completely misses you. The troll closely misses you.
The troll claws you but does no damage.
You impale the troll!!
You kill the troll!
The killer bee is distracted by your dazzling golden aura.
The acid dragon spits acid at you. The splash of acid hits you.
The killer bee buzzes angrily.
Your Fighting skill increases to level 10!
Your Polearms skill increases to level 13!
Your Armour skill increases to level 10!
You have reached level 7!
You hit the acid dragon. You headbutt the acid dragon.
The acid dragon is lightly wounded.
The acid dragon spits acid at you. The splash of acid hits you!!
* * * LOW HITPOINT WARNING * * *
The gnoll sergeant misses you.
You closely miss the acid dragon. Your headbutt misses the acid dragon.
The acid dragon is lightly wounded.
The killer bee is no longer distracted by gold.
The acid dragon bites you but does no damage.
The acid dragon misses you.
The gnoll sergeant hits you from afar with a +2 antimagic trident!
You die...
Your body crumbles into a pile of gold. ▓▓▓▓▓▓▓▓▓▓▓▓▓▓▓▓▓▓▓▓▓▓▓▓ ______'!?).[[...@Dgy...+ ▓▓▓▓▓▓▓▓▓▓▓▓▓▓▓▓▓▓▓▓▓▓▓▓ $ $ $$$$$ $$$$$ $ $ $ $$$$$

You could see an acid dragon (catching breath), a gnoll sergeant and a killer bee.

Vanquished Creatures
  A troll (D)
  A hornet (D)
  A black bear (D)
  An ogre (D)
  A gnoll sergeant (D)
  An iguana (D)
  An ufetubus (D)
  An orc (D)
  A ball python (D)
  2 endoplasms (D)
  A giant cockroach (D)
  A kobold (D)
13 creatures vanquished.

Notes
Turn   | Place    | Note
-------+----------+-------------------------------------------
     0 | D        | Heoruswealwe the Minotaur Fighter began the quest for the
                  | Orb.
     0 | D        | Reached XP level 1. HP: 19/19 MP: 0/0
     9 | D        | Reached skill level 3 in Polearms
    14 | D        | Reached skill level 4 in Polearms
    31 | D        | Noticed an ogre
    31 | D        | Noticed a black bear
    31 | D        | Noticed an iguana
    35 | D        | Killed an ogre
    36 | D        | Reached skill level 7 in Polearms
    36 | D        | Reached XP level 2. HP: 26/30 MP: 1/1
    36 | D        | Reached XP level 3. HP: 32/37 MP: 2/2
    36 | D        | Reached XP level 4. HP: 38/44 MP: 3/3
    43 | D        | Killed a black bear
    44 | D        | Reached skill level 9 in Polearms
    44 | D        | Reached XP level 5. HP: 37/52 MP: 4/4
    56 | D        | Reached skill level 10 in Polearms
    62 | D        | Found a snail-covered altar of Cheibriados.
    62 | D        | Found a shadowy altar of Dithmenos.
    62 | D        | Found a white marble altar of Elyvilon.
    62 | D        | Found a blossoming altar of Fedhas.
    62 | D        | Found an opulent altar of Gozag.
    63 | D        | Found a hazy altar of Hepliaklqana.
    64 | D        | Found a viscous altar of Jiyva.
    65 | D        | Found an ancient bone altar of Kikubaaqudgha.
    66 | D        | Found a corrupted altar of Lugonu.
    67 | D        | Found a burning altar of Makhleb.
    68 | D        | Found a sparkling altar of Nemelex Xobeh.
    69 | D        | Found an iron altar of Okawaru.
    70 | D        | Became a worshipper of Gozag Ym Sagoz the Greedy
    71 | D        | Found a stormy altar of Qazlal.
    72 | D        | Found a sacrificial altar of Ru.
    73 | D        | Found a shimmering blue altar of Sif Muna.
    74 | D        | Found a bloodstained altar of Trog.
    75 | D        | Found a hide-covered altar of Uskayaw.
    76 | D        | Found a radiant altar of Vehumet.
    77 | D        | Found an ornate altar of the Wu Jian Council.
    78 | D        | Found a shimmering altar of Xom.
    79 | D        | Found a basalt altar of Yredelemnul.
    80 | D        | Found a glowing silver altar of Zin.
    81 | D        | Found a glowing golden altar of the Shining One.
   142 | D        | Noticed a hornet
   142 | D        | Noticed a troll
   142 | D        | Noticed an acid dragon
   152 | D        | Reached XP level 6. HP: 59/62 MP: 5/5
   155 | D        | Paralysed by a hornet for 3 turns
   167 | D        | Killed a hornet
   168 | D        | Reached skill level 12 in Polearms
   173 | D        | Killed a troll
   174 | D        | Reached skill level 10 in Fighting
   174 | D        | Reached skill level 13 in Polearms
   174 | D        | Reached skill level 10 in Armour
   174 | D        | Reached XP level 7. HP: 33/73 MP: 6/6
   175 | D        | Slain by a gnoll sergeant

Illustrated notes

Levels and vault maps discovered:
D:        linesprint [early_d, line_temple, items_1, d_10, items_2, lair_1,
          lair_end, items_3, orc_1, orc_end, items_4, d_15, swamp_1, shoals_1,
          snake_1, spider_1, d_20, vaults_1, items_5, swamp_end, shoals_end,
          snake_end, spider_end, vaults_end, d_27, items_6, zot_1, zot_end,
          crypt_end, forest_end, elf_end, slime_end, tomb_end, abyss_end,
          pan_hell_end]

Skill      XL: |  1  2  3  4  5  6 |
---------------+-------------------+-----
Polearms       | 7 9 10 13 | 13.6
Fighting       | 6 7 8 10 | 10.3
Armour         | 6 7 8 10 | 10.3
Shields        | |  3.6

Action                     |  1- 3 |  4- 6 |  7- 9 || total
---------------------------+-------+-------+-------++-------
  Melee: Trident           |    12 |    20 |       ||    32
         Headbutt          |     2 |     5 |     1 ||     8
         Halberd           |       |    20 |     2 ||    22
    Use: Potion            |     1 |     7 |       ||     8
 Armour: Scale mail        |     2 |    11 |       ||    13
         Ring mail         |       |    13 |     1 ||    14
  Dodge: Dodged            |     2 |    27 |     2 ||    31
  Block: Buckler           |     2 |     3 |       ||     5
